AoeStats
← AjarFan

MegaRandom

509025951Analyzed
3v3 RM · 6d ago on Sep 25, 2026· 30m 39s· 6 players
Game mode
Random Map
Map size
Normal (6 player)
Population
200
Speed
Normal
Resources
Standard
Victory
Conquest
Starting age
Dark Age
Ending age
Imperial Age
RankedLock teamsTeams togetherTeam positionsShared explorationLock speedFull tech treeHidden civsTurbo modeCheats
Victory
Defeat
🇲🇽 Saxons · Mexico
1324
+11
🇨🇴 Vikings · Colombia
1322
+11
🇲🇽 Danes · Mexico
1162
+18
🇲🇽 Varangians · Mexico
1242
-15
🇲🇽 Gurjaras · Mexico
1208
-13
🇲🇽 Ethiopians · Mexico
1174
-12
AjarFan
5:48 Loom
12:27 Feudal Age
15:55 Castle Age
15:17 Double-Bit Axe
15:17 Horse Collar
16:02 Scale Barding Armor
21:45 Forging
22:39 Husbandry
24:46 Iron Casting
24:45 Bow Saw
26:44 Fletching
27:28 Thumb Ring
28:25 Crossbowman
30:17 Crossbowman
30:57 Bodkin Arrow
[QW] Chopinwaffles
8:03 Loom
10:52 Feudal Age
11:20 Horse Collar
21:19 Castle Age
19:15 Gold Mining
30:49 Fletching
Landshark
7:16 Loom
9:29 Feudal Age
10:24 Horse Collar
10:31 Double-Bit Axe
14:15 Town Watch
17:32 Wheelbarrow
21:03 Castle Age
20:03 Bloodlines
21:18 Light Cavalry
21:59 Husbandry
22:05 Scale Barding Armor
23:42 Bow Saw
25:12 Forging
27:49 Chain Barding Armor
30:36 Iron Casting
MZTK | _UVA_
10:34 Feudal Age
11:49 Loom
14:50 Castle Age
13:51 Double-Bit Axe
17:29 Scale Mail Armor
17:42 Forging
18:22 Horse Collar
26:49 Iron Casting
MZTK | Puppet
6:50 Loom
9:23 Feudal Age
10:20 Man-at-Arms
21:12 Castle Age
21:00 Forging
20:51 Scale Mail Armor
20:59 Arson
22:08 Fletching
24:56 Gambesons
25:11 Squires
26:46 Double-Bit Axe
26:43 Horse Collar
30:46 Chain Mail Armor
31:06 Iron Casting
MZTK | Tormenta
7:47 Loom
10:57 Feudal Age
12:00 Double-Bit Axe
19:42 Castle Age
18:16 Scale Barding Armor
18:29 Gold Mining
18:21 Horse Collar
22:21 Crossbowman
23:32 Fletching
23:43 Padded Archer Armor
26:08 Bow Saw
26:34 Bodkin Arrow
26:54 Leather Archer Armor
27:28 Light Cavalry
28:44 Ballistics
Connection lost

Rejoining the realm…

Still unreachable

The connection could not be restored.

Session expired

The server has moved on; the page needs a fresh start.